 Dungeon Crawl Stone Soup version 0.29.1-13-g9f3cf754e1 (webtiles) character file.

Game seed: 59009035228406568

23 iamoutofideas the Gusty (level 2, 0/24 HPs)
             Began as a Deep Elf Air Elementalist on Jan 30, 2023.
             Succumbed to an adder's poison
             ... on level 2 of the Dungeon.
             The game lasted 00:01:30 (1159 turns).

iamoutofideas the Gusty (Deep Elf Air Elementalist) Turns: 1159, Time: 00:01:31

Health: 0/24       AC:  2    Str:  5    XL:     2   Next: 75%
Magic:  0/8        EV: 13    Int: 19    God:
Gold:   39         SH:  0    Dex: 15    Spells: 4/7 levels left

rFire   . . .      SeeInvis .   (no weapon)
rCold   . . .      Faith    .   (no shield)
rNeg    . . .      Spirit   .   a - +0 robe
rPois   .          Reflect  .   (no helmet)
rElec   .          Harm     .   (no cloak)
rCorr   .          Rampage  .   (no gloves)
Will    .....                   (no boots)
Stlth   ..........              (no amulet)
HPRegen 0.08/turn               (no ring)
MPRegen 0.11/turn               (no ring)

@: berserking, lethally poisoned (0 -> -1), very quick
A: no striking features
a: no special abilities


You were on level 2 of the Dungeon.
You visited 1 branch of the dungeon, and saw 2 of its levels.

You collected 39 gold pieces.

Inventory:

Armour
 a - a +0 robe (worn)
Jewellery
 e - a +6 ring of dexterity
 g - a +6 ring of intelligence
Scrolls
 c - 2 scrolls of teleportation {unknown}
 f - a scroll of magic mapping {unknown}
Potions
 b - a potion of magic
 h - a potion of mutation {unknown}


   Skills:
 + Level 0.3 Fighting
 + Level 2.7 Dodging
 + Level 2.8 Stealth
 * Level 3.3 Spellcasting
 + Level 1.1 Conjurations
 + Level 3.4 Air Magic


You had 4 spell levels left.
You knew the following spells:

 Your Spells              Type           Power      Damage    Failure   Level
a - Shock                 Conj/Air       44%        1d5       6%          1
b - Static Discharge      Conj/Air       11%        3-5/arc   9%          2

Your spell library contained the following spells:

 Spells                   Type           Power      Damage    Failure   Level
 Swiftness                Air            16%        N/A       11%         3
 Airstrike                Air            8%         2d(2-18)  34%         4


Dungeon Overview and Level Annotations

Branches:
Dungeon (2/15)

Altars:


Message History

The adder closely misses you.
Casting: Shock (safe; 6% risk of failure)
Confirm with . or Enter, or press ? or * to list all spells.
Aiming: Shock (safe; 6% risk of failure)
Press: ? - help, Shift-Dir - straight line, f - adder
Aim: an adder (heavily wounded, 48% to hit)
The zap hits the adder.
The adder is almost dead.
The adder barely misses you.
Unknown command.
The adder attacks as you move away! The adder bites you. x2
Your magical contamination has completely faded away.
The adder bites you.
Casting: Shock (safe; 6% risk of failure)
Confirm with . or Enter, or press ? or * to list all spells.
Aiming: Shock (safe; 6% risk of failure)
Press: ? - help, Shift-Dir - straight line, p - adder The zap misses the adder.
The adder closely misses you. The adder bites you but does no damage.
Unknown command.
Unknown command.
The adder attacks as you move away! The adder closely misses you.
The adder attacks as you move away! The adder closely misses you.
The adder bites you.
You are poisoned.
The adder poisons you!
You feel sick.
There is a fountain of clear blue water here.
The adder attacks as you move away! The adder bites you but does no damage.
* * * LOW HITPOINT WARNING * * *
You feel sick. The adder attacks as you move away! The adder barely misses you.
* * * LOW HITPOINT WARNING * * *
You feel sick. The adder bites you.
* * * LOW HITPOINT WARNING * * *
There is an open door, spattered with blood here.
It was a potion of berserk rage.
A red film seems to cover your vision as you go berserk!
You feel yourself moving faster!
You feel mighty!
You die...

### ##<##
#...# #.⌠.#
#...# #####.##
#..##'#######
#..#..÷##...##
#....⌠S@..⌠.<#
#..#...##...##
#..##'#######.
#..##.## ....
#..#...# ....
#..#.⌠.# ..#
#..#...#...###
#..##<##......
#...###.......


You could see an adder.

Vanquished Creatures
  An adder (D:2)
  A bat (D:1)
  4 endoplasms
  A giant cockroach (D:1)
  3 ball pythons (D:1)
  A goblin (D:2)
  2 rats
13 creatures vanquished.

Notes
Turn   | Place    | Note
-------+----------+-------------------------------------------
     0 | D:1      | iamoutofideas the Deep Elf Air Elementalist began the quest
                  | for the Orb.
     0 | D:1      | Reached XP level 1. HP: 10/10 MP: 6/6
   190 | D:1      | Found a faded altar of an unknown god.
   448 | D:1      | Reached XP level 2. HP: 15/15 MP: 6/8
   844 | D:2      | Learned a level 2 spell: Static Discharge
  1159 | D:2      | Succumbed to an adder's poison

Illustrated notes

Levels and vault maps discovered:
D:1:      lightli_molten_gateway, layout_basic, chequers_ecumenical_altar_simple
D:2:      layout_basic, grunt_ministairs_5, minmay_tripent

Action                   || total
-------------------------++-------
Melee: Unarmed           ||     1
 Cast: Shock             ||    31
  Use: Potion            ||     1
 Stab: Sleeping          ||     1
Armor: Robe              ||     2
Dodge: Dodged            ||    17
